 Dungeon Crawl Stone Soup version 0.29-a0-512-gf59ac788ac (webtiles) character file.

Game seed: 4451377657329120894

1589 quokkamancerX the Archer (level 8, -3/55 (57) HPs)
             Began as a Demonspawn Hunter on May 29, 2022.
             Was a Believer of Okawaru.
             Slain by a wight
             ... wielding a +4 great sword
              (7 damage)
             ... on level 5 of the Dungeon.
             The game lasted 00:19:00 (6583 turns).

quokkamancerX the Archer (Demonspawn Hunter)        Turns: 6583, Time: 00:19:01

HP:   -3/55 (57)    AC: 12    Str: 13    XL:     8   Next: 61%
MP:   8/8           EV:  9    Int: 10    God:    Okawaru [**....]
Gold: 125           SH:  0    Dex: 18    Spells: 7/7 levels left

rFire   + . .      SeeInvis .   a - +1 shortbow
rCold   . . .      Faith    .   (shield currently unavailable)
rNeg    . . .      Spirit   .   r - +0 scale mail
rPois   .          Reflect  .   (helmet restricted)
rElec   .          Harm     .   (no cloak)
rCorr   .          Rampage  .   m - +1 pair of gloves
Will    .....                   f - +2 pair of boots
Stlth   +.........              (no amulet)
HPRegen 0.18/turn               x - ring of protection from fire
MPRegen 0.11/turn               (no ring)

@: lightly drained
A: horns 2, rugged brown scales 1, powered by death 2
a: Renounce Religion, Heroism


You were on level 5 of the Dungeon.
You worshipped Okawaru.
Okawaru was pleased with you.
You visited 1 branch of the dungeon, and saw 6 of its levels.

You collected 346 gold pieces.
You spent 221 gold pieces at shops.

Inventory:

Hand Weapons
 a - a +1 shortbow (weapon)
Missiles
 h - 8 poisoned darts
 A - a throwing net
Armour
 f - a +2 pair of boots (worn)
 m - a +1 pair of gloves (worn)
 r - a +0 scale mail (worn)
Jewellery
 x - a ring of protection from fire (left hand)
Wands
 w - a wand of iceblast (13)
 B - a wand of flame (58)
Scrolls
 c - 3 scrolls of immolation
 d - a scroll of brand weapon {unknown}
 e - 3 scrolls of enchant weapon {unknown}
 g - a scroll of fog {unknown}
 i - a scroll of identify
 j - a scroll of poison {unknown}
 k - 4 scrolls of teleportation
 l - 2 scrolls of torment {unknown}
 n - a scroll of magic mapping {unknown}
 p - a scroll of vulnerability
 t - a scroll of fear
 y - a scroll of blinking {unknown}
Potions
 b - 3 potions of might
 o - 4 potions of heal wounds
 q - a potion of degeneration {unknown}
 s - 2 potions of haste
 u - a potion of resistance {unknown}
 v - 2 potions of curing
 z - a potion of lignification {unknown}
 C - a potion of magic {unknown}


   Skills:
 - Level 2.0 Fighting
 + Level 10.0 Bows
 - Level 1.7 Dodging
 - Level 4.0 Stealth


You had 7 spell levels left.
You didn't know any spells.
Your spell library contained the following spells:

 Spells                   Type           Power      Damage    Failure   Level
 Static Discharge         Conj/Air       0%         N/A       96%         2
 Portal Projectile        Hex/Tloc       0%         N/A       99%         3
 Dispel Undead            Necr           0%         3d6       100%        4
 Sticky Flame             Conj/Fire      0%         2d3       100%        4
 Blade Hands              Tmut           0%         N/A       100%        5
 Lightning Bolt           Conj/Air       0%         1d11      100%        5
 Maxwell's Capacitive Co  Air            0%         ∞         100%        8
 Tukima's Dance           Hex            Unusable   N/A       N/A         3

Dungeon Overview and Level Annotations

Branches:
Dungeon (6/15)
 Temple: D:4-7

Altars:
Okawaru

Shops:
D:5 **:(

Annotations:
D:6 Prince Ribbit


Innate Abilities, Weirdness & Mutations

You have a pair of horns on your head.
You are partially covered in rugged brown scales. (AC +1, +3% HP)
You regenerate health from kills.


Message History

The wight hits you but does no damage.
Shoot: a) +1 shortbow
Press: ? - help, Q - select action, (/) - cycle Shift-Dir - straight line, f/p - wight
Aim: a wight, wielding a +4 battleaxe and wearing a +0 robe (moderately damaged, 71% to hit)
You shoot an arrow. The arrow hits the wight!
You destroy the wight!
Okawaru accepts your kill.
Your base Bows skill increases to level 10!
You start resting.
You feel like a meek peon again.
You start resting.
Magic restored.
You start resting.
HP restored.
Things that are here:
a +4 battleaxe; a +0 robe
There is a stone staircase leading down here.
You climb downwards.
Level annotation: Prince Ribbit
There is a stone staircase leading up here.
You shoot an arrow. The arrow barely misses the wight.
The arrow closely misses the wight.
The wight hits you with a +4 great sword!
You climb upwards.
There is a stone staircase leading down here.
Shoot: a) +1 shortbow
Press: ? - help, Q - select action, (/) - cycle Shift-Dir - straight line, f - wight
Aim: a wight, wielding a +4 great sword and wearing a +0 robe (68% to hit)
You shoot an arrow. The arrow completely misses the wight.
The wight hits you with a +4 great sword!!
The wight hits you with a +4 great sword.
Shoot: a) +1 shortbow
Press: ? - help, Q - select action, (/) - cycle Shift-Dir - straight line, f/p - wight
Aim: a wight, wielding a +4 great sword and wearing a +0 robe (68% to hit)
You shoot an arrow. The arrow hits the wight.
The wight is lightly damaged.
The wight hits you with a +4 great sword!
* * * LOW HITPOINT WARNING * * *
You feel drained.
You die...

#..##....##
#.)##....#
##.......## ###
##........# #.#
##.........####.#
#............#.##
##..............##
#......z...####..##
##.....@..)## ##..#
#......[...)# ##.##
##.........).####..#
#.................##
##.................#
##.######...........#
#..# ##..........##
#..# #............##
#..#
##...#.........##


You could see a wight.

Vanquished Creatures
  Duvessa (D:5)
  An ice beast (D:6)
  A black bear (D:4)
  An ogre (D:5)
  A centaur (D:4)
  A bullfrog (D:6)
  2 scorpions
  Dowan (D:5)
  A wight (D:5)
  A howler monkey (D:6)
  A gnoll shaman (D:5)
  2 orc priests
  5 hounds
  3 jellies
  An iguana (D:5)
  2 orc wizards (D:3)
  Natasha (thrice) (D:2)
  11 gnolls
  14 adders
  2 shadow imps (D:6)
  2 ufetubi
  2 worms
  3 dart slugs
  11 orcs
  2 ball pythons
  3 bats
  4 endoplasms
  3 giant cockroaches
  8 goblins
  10 hobgoblins
  6 jackals
  7 kobolds
  3 quokkas
  3 frilled lizards
  2 rats
124 creatures vanquished.

Notes
Turn   | Place    | Note
-------+----------+-------------------------------------------
     0 | D:1      | quokkamancerX the Demonspawn Hunter began the quest for the
                  | Orb.
     0 | D:1      | Reached XP level 1. HP: 16/16 MP: 1/1
   121 | D:1      | Reached skill level 1 in Stealth
   353 | D:1      | Gained mutation: You regenerate a little health from kills.
                  | [demonic ancestry]
   353 | D:1      | Reached XP level 2. HP: 19/22 MP: 2/2
  1016 | D:2      | Reached skill level 4 in Bows
  1078 | D:2      | Gained mutation: You have a pair of small horns on your
                  | head. [demonic ancestry]
  1078 | D:2      | Reached XP level 3. HP: 27/27 MP: 3/3
  1308 | D:2      | Found an iron altar of Okawaru.
  1496 | D:2      | Became a worshipper of Warmaster Okawaru
  1521 | D:3      | Reached XP level 4. HP: 30/33 MP: 4/4
  1720 | D:3      | Gained mutation: You have a pair of horns on your head.
                  | [demonic ancestry]
  1720 | D:3      | Reached XP level 5. HP: 31/38 MP: 5/5
  1861 | D:3      | Reached skill level 5 in Bows
  1953 | D:3      | Identified the +4 plate armour of the Mind {Str+7 Int+6
                  | Dex-5}
  1989 | D:3      | Noticed Natasha
  2053 | D:2      | Killed Natasha
  2604 | D:4      | Gained mutation: You regenerate health from kills. [demonic
                  | ancestry]
  2604 | D:4      | Reached XP level 6. HP: 38/44 MP: 6/6
  2752 | D:4      | Reached * piety under Okawaru
  2779 | D:4      | Reached skill level 6 in Bows
  3406 | D:5      | Entered Level 5 of the Dungeon
  3406 | D:5      | Found Kit Jeorr's Weapon Boutique.
  3433 | D:5      | Reached XP level 7. HP: 45/50 MP: 7/7
  3609 | D:4      | Reached skill level 7 in Bows
  3736 | D:5      | Found Bekkonec's Book Shoppe.
  3876 | D:5      | Found Appalag's Assorted Antiques.
  4004 | D:5      | Reached ** piety under Okawaru
  4165 | D:5      | Bought a scroll of teleportation for 78 gold pieces
  4165 | D:5      | Bought a scroll of identify for 52 gold pieces
  4165 | D:5      | Bought a scroll of identify for 52 gold pieces
  4219 | D:5      | Noticed Dowan
  4221 | D:5      | Noticed Duvessa
  4283 | D:5      | Killed Duvessa
  4284 | D:5      | Reached skill level 8 in Bows
  4287 | D:5      | Killed Dowan
  4403 | D:5      | Gained mutation: You are partially covered in rugged brown
                  | scales. (AC +1, +3% HP) [demonic ancestry]
  4403 | D:5      | Reached XP level 8. HP: 33/57 MP: 8/8
  4958 | D:5      | Found Inaros's General Store.
  4966 | D:5      | Bought a throwing net for 39 gold pieces
  5166 | D:2      | Noticed Natasha
  5171 | D:2      | Killed Natasha
  5211 | D:2      | Found an iron altar of Okawaru.
  5258 | D:2      | Noticed Natasha
  5268 | D:2      | Killed Natasha
  5674 | D:6      | Reached skill level 9 in Bows
  6392 | D:6      | Noticed Prince Ribbit
  6432 | D:5      | Reached skill level 10 in Bows
  6583 | D:5      | Slain by a wight

Illustrated notes

Levels and vault maps discovered:
D:1:      erik_arrival_cave_to_civilisation [erik_arrival_cave_to_hall],
          layout_basic
D:2:      layout_rooms, basic_altar
D:3:      layout_rooms, uniq_natasha
D:4:      layout_basic, minmay_diced_spiral
D:5:      layout_layer_cave, serial_shops, nicolae_shop_behind_doors, shop,
          nicolae_inconvenience_store, shop, uniq_duvessa
D:6:      layout_loops_cross, minmay_temple_entry_from_below_b, st_stairs_6,
          uniq_prince_ribbit1

Skill      XL: |  1  2  3  4  5  6  7  8 |
---------------+-------------------------+-----
Stealth        | 1 2 3 4 |  4.0
Bows           | 4 5 6 8 10 | 10.0
Fighting       | |  2.0
Dodging        | |  1.7

Action                   |  1- 3 |  4- 6 |  7- 9 || total
-------------------------+-------+-------+-------++-------
 Fire: Shortbow          |    95 |   174 |   238 ||   507
Invok: Heroism           |       |     1 |     2 ||     3
  Use: Scroll            |     2 |     5 |     2 ||     9
Armor: Leather armour    |    11 |       |       ||    11
       Ring mail         |    12 |       |       ||    12
       Scale mail        |     9 |    83 |   102 ||   194
Dodge: Dodged            |    50 |    72 |    74 ||   196

Table legend: (Time is in decaauts)
 A = Elapsed time spent in this place.
 B = Non-inter-level travel time spent in this place.
 C = Inter-level travel time spent in this place.
 D = Time resting spent in this place.
 E = Time spent auto-exploring this place.
 F = Levels seen in this place.
 G = Mean time per level.
                   A        B        C        D        E       F      G
               +--------+--------+--------+--------+--------+-----+--------+
         Total |   6818 |   6449 |    369 |   1586 |   3297 |   6 | 1136.3 |
       Dungeon |   6818 |   6449 |    369 |   1586 |   3297 |   6 | 1136.3 |
               +--------+--------+--------+--------+--------+-----+--------+

Top non-repeatable levels by time:
     D:5: 1833 daAuts
     D:2: 1251 daAuts
     D:1: 1031 daAuts
     D:6: 1028 daAuts
     D:4: 1018 daAuts
     D:3: 654 daAuts
